Canadiens vs Penguins

Created - January 26 2011 at 18:08

Goals
1 2 3 OT1 SO T
Canadiens 1 0 2 0 2 3
Penguins 2 0 1 0 3 4
Shots
1 2 3 OT1 SO T
Canadiens 16 5 8 3 5 32
Penguins 8 13 8 1 5 30

Period #1

1. Canadiens , Ed Jovanovski 9 (Tomas Plekanec, Patrick Kane) at 3:33 (PP)
2. Penguins , Brad Richards 17 (Curtis Glencross, Sami Salo) at 9:22
3. Penguins , Jason Pominville 13 (Nicklas Lidstrom, Pavel Kubina) at 9:50 (PP)

Penalties :
Sami Salo (PIT) for Slashing (Minor) at 2:07, Dan Girardi (PIT) for Roughing (Minor) at 6:31, Ian Laperriere (PIT) for Hooking (Minor) at 6:47, Toni Lydman (MTL) for Cross-checking (Minor) at 9:37, Brandon Dubinsky (PIT) for Interference (Minor) at 11:06, Brooks Orpik (PIT) for Tripping (Minor) at 11:23, Brent Seabrook (MTL) for Hooking (Minor) at 14:55, Curtis Glencross (PIT) for Hooking (Minor) at 16:47

Period #2

No Goal

Penalties :
Dan Girardi (PIT) for Roughing (Minor) at 3:49, Rick Nash (MTL) for Hooking (Minor) at 4:33, Tim Gleason (MTL) for Hooking (Minor) at 6:39, Toni Lydman (MTL) for Roughing (Minor) at 14:31

Period #3

4. Penguins , Sami Salo 4 (Daniel Winnik, Claude Giroux) at 13:43
5. Canadiens , Patrick Sharp 23 (Ed Jovanovski, Patrick Kane) at 15:01 (PP)
6. Canadiens , Rick Nash 27 (Ilya Kovalchuk, Tom Gilbert) at 15:53

Penalties :
Daniel Winnik (PIT) for Cross-checking (Minor) at 1:08, Jason Pominville (PIT) for Roughing (Minor) at 5:19, Claude Giroux (PIT) for Tripping (Minor) at 8:55, Sami Salo (PIT) for Elbowing (Minor) at 9:24, Shawn Horcoff (MTL) for Interference (Minor) at 11:25, Ian Laperriere (PIT) for Hooking (Minor) at 13:44, Brandon Dubinsky (PIT) for Charging (Double Minor) at 19:03

Overtime #1

No Goal

Penalties :
No Penalty

Shootout

Penalty Shot by Tomas Plekanec for Canadiens - Stopped by Marc-Andre Fleury
Penalty Shot by Henrik Sedin for Penguins - Goal!
Penalty Shot by Ilya Kovalchuk for Canadiens - Goal!
Penalty Shot by Daniel Sedin for Penguins - Stopped by Jaroslav Halak
Penalty Shot by Patrick Kane for Canadiens - Goal!
Penalty Shot by Pavel Datsyuk for Penguins - Goal!
Penalty Shot by Patrick Sharp for Canadiens - Shot Misses the Net
Penalty Shot by Brad Richards for Penguins - Shot Misses the Net
Penalty Shot by Martin Havlat for Canadiens - Shot Misses the Net
Penalty Shot by Brandon Dubinsky for Penguins - Goal!

Penalties :
No Penalty

Goalie Stats

Jaroslav Halak (MTL), 27 saves from 30 shots - (0.900), OTL, 18-19-5, 65:00 minutes
Marc-Andre Fleury (PIT), 29 saves from 32 shots - (0.906), W, 29-12-4, 65:00 minutes

Players Stats

Canadiens
Player Name              G  A  P  +/- PIM S  H  SB FO    MP 
------------------------------------------------------------
Brent Seabrook           0  0  0   0  2   2  4  1  0/0   21 
Ed Jovanovski            1  1  2   0  0   4  1  2  0/0   21 
Francis Bouillon         0  0  0   1  0   0  0  1  0/0   12 
Ilya Kovalchuk           0  1  1  -1  0   4  0  0  2/7   22 
Jeff Taffe               0  0  0   0  0   0  0  0  1/1   3  
Jesse Joensuu            0  0  0  -1  0   0  0  0  0/1   9  
John Erskine             0  0  0  -2  0   2  0  1  0/0   16 
Martin Havlat            0  0  0  -1  0   2  0  0  2/3   19 
Maxime Talbot            0  0  0   0  0   0  0  0  0/0   9  
Patrick Kane             0  2  2   0  0   1  1  0  1/1   21 
Patrick Sharp            1  0  1   0  0   4  1  0  0/0   18 
R.J. Umberger            0  0  0   1  0   3  1  0  15/30 25 
Rick Nash                1  0  1   1  2   2  2  0  1/1   21 
Shawn Horcoff            0  0  0  -2  2   2  0  0  7/17  11 
Tim Gleason              0  0  0  -2  2   0  0  1  0/0   8  
Tom Gilbert              0  1  1   1  0   1  0  0  0/0   25 
Tomas Plekanec           0  1  1   0  0   4  4  0  16/31 25 
Toni Lydman              0  0  0   0  4   1  3  1  0/0   24 
Penguins
Player Name              G  A  P  +/- PIM S  H  SB FO    MP 
------------------------------------------------------------
Blair Betts              0  0  0   1  0   2  1  0  9/16  18 
Brad Richards            1  0  1   0  0   5  0  0  13/24 19 
Brandon Dubinsky         0  0  0   0  6   0  2  0  0/0   15 
Brooks Orpik             0  0  0   0  2   0  4  1  0/0   23 
Claude Giroux            0  1  1   1  2   1  0  0  6/12  16 
Curtis Glencross         0  1  1   1  2   1  0  0  0/0   2  
Dan Girardi              0  0  0   2  4   1  5  1  0/0   23 
Daniel Sedin             0  0  0   0  0   4  0  0  1/1   18 
Daniel Winnik            0  1  1   1  2   1  1  0  1/6   17 
Henrik Sedin             0  0  0   0  0   5  0  0  15/29 21 
Ian Laperriere           0  0  0   1  4   0  1  0  2/2   7  
Jason Pominville         1  0  1  -1  2   5  1  0  0/2   17 
John-Michael Liles       0  0  0   0  0   0  0  0  0/0   0  
Nicklas Lidstrom         0  1  1   0  0   1  1  5  0/0   27 
Pavel Datsyuk            0  0  0  -1  0   3  1  0  0/0   15 
Pavel Kubina             0  1  1  -1  0   0  5  2  0/0   20 
Sami Salo                1  1  2   1  4   1  0  0  0/0   12 
Stephane Robidas         0  0  0   0  0   0  3  2  0/0   24 

3 Stars

1 - Ed Jovanovski (MTL)
2 - Patrick Kane (MTL)
3 - Patrick Sharp (MTL)

Power Play

Canadiens - 2 on 13 Attempt(s) - 15.38%
Penguins - 1 on 6 Attempt(s) - 16.67%

Penalty Kill

Canadiens - 5 on 6 Attempt(s) - 83.33% - Score 0 goal in Penalty Kill
Penguins - 11 on 13 Attempt(s) - 84.62% - Score 0 goal in Penalty Kill

Game Notes

No Game Note

Finance

Level 1 -- Attendance: 5197 (79.95%) -- Ticket Income $493,715.00
Level 2 -- Attendance: 4402 (88.04%) -- Ticket Income $242,110.00
Level 3 -- Attendance: 3500 (100.00%) -- Ticket Income $119,000.00
Level 4 -- Attendance: 2087 (100.00%) -- Ticket Income $31,305.00
Luxury Box -- Attendance: 876 (87.60%) -- Ticket Income $175,200.00
Game was played at the Consol Energy Center
Total Attendance: 16062 (88.80%)
Total Ticket Income: $1,090,523.00
Other Income: $200,618.40
Total Income: $1,291,141.00


Play by Play

Period #1

0:01 of 1st period - Henrik Sedin wins face-off versus R.J. Umberger in neutral zone.
1:02 of 1st period - Shot by Jason Pominville.
1:02 of 1st period - Stopped by Jaroslav Halak with a rebound.
1:20 of 1st period - Shot by Jason Pominville.
1:20 of 1st period - Shot Misses the Net.
1:28 of 1st period - Shot by Brad Richards.
1:28 of 1st period - Deflect By Pavel Datsyuk.
1:28 of 1st period - Shot Misses the Net.
1:30 of 1st period - Shot by Jason Pominville.
1:30 of 1st period - Stopped by Jaroslav Halak without a rebound.
1:31 of 1st period - Blair Betts wins face-off versus Shawn Horcoff in Canadiens zone.
1:42 of 1st period - Shot by Ilya Kovalchuk.
1:42 of 1st period - Shot Misses the Net.
1:46 of 1st period - Shot by Ilya Kovalchuk.
1:46 of 1st period - Deflect By Martin Havlat.
1:46 of 1st period - Stopped by Marc-Andre Fleury with a rebound.
1:48 of 1st period - Shot by Shawn Horcoff.
1:48 of 1st period - Shot Misses the Net.
1:58 of 1st period - Shot by Ilya Kovalchuk.
1:58 of 1st period - Shot Misses the Net.
2:02 of 1st period - Shot by Martin Havlat.
2:02 of 1st period - Shot Blocked by Dan Girardi.
2:07 of 1st period - Minor Penalty to Sami Salo for Slashing.
2:08 of 1st period - Tomas Plekanec wins face-off versus Claude Giroux in Penguins zone.
2:09 of 1st period - Shot by Ed Jovanovski.
2:09 of 1st period - Shot Blocked by Nicklas Lidstrom.
2:13 of 1st period - Shot by Patrick Sharp.
2:13 of 1st period - Stopped by Marc-Andre Fleury with a rebound.
2:15 of 1st period - Shot by Ed Jovanovski.
2:15 of 1st period - Stopped by Marc-Andre Fleury without a rebound.
2:16 of 1st period - Ian Laperriere wins face-off versus R.J. Umberger in Penguins zone.
2:30 of 1st period - Shot by Tom Gilbert.
2:30 of 1st period - Stopped by Marc-Andre Fleury without a rebound.
2:31 of 1st period - Claude Giroux wins face-off versus Tomas Plekanec in Penguins zone.
2:31 of 1st period - Claude Giroux is hit by Tomas Plekanec.
3:01 of 1st period - Shot by Tomas Plekanec.
3:01 of 1st period - Deflect By Patrick Sharp.
3:01 of 1st period - Stopped by Marc-Andre Fleury without a rebound.
3:02 of 1st period - Claude Giroux wins face-off versus R.J. Umberger in Penguins zone.
3:17 of 1st period - Shot by Brent Seabrook.
3:17 of 1st period - Shot Misses the Net.
3:19 of 1st period - Shot by Toni Lydman.
3:19 of 1st period - Shot Blocked by Nicklas Lidstrom.
3:21 of 1st period - Shot by Brent Seabrook.
3:21 of 1st period - Stopped by Marc-Andre Fleury without a rebound.
3:22 of 1st period - Tomas Plekanec wins face-off versus Blair Betts in Penguins zone.
3:27 of 1st period - Shot by Ed Jovanovski.
3:27 of 1st period - Stopped by Marc-Andre Fleury with a rebound.
3:29 of 1st period - Shot by Patrick Kane.
3:29 of 1st period - Shot Misses the Net.
3:31 of 1st period - Shot by Tomas Plekanec.
3:31 of 1st period - Shot Misses the Net.
3:33 of 1st period - Shot by Ed Jovanovski.
3:33 of 1st period - Goal by Ed Jovanovski - Canadiens : 1 - Penguins : 0.
3:34 of 1st period - Tomas Plekanec wins face-off versus Brad Richards in neutral zone.
4:14 of 1st period - Shot by Pavel Datsyuk.
4:14 of 1st period - Stopped by Jaroslav Halak without a rebound.
4:15 of 1st period - Shawn Horcoff wins face-off versus Henrik Sedin in Canadiens zone.
4:30 of 1st period - Shot by Ilya Kovalchuk.
4:30 of 1st period - Shot Misses the Net.
4:32 of 1st period - Shot by Martin Havlat.
4:32 of 1st period - Deflect By Ilya Kovalchuk.
4:32 of 1st period - Shot Hit the Post.
4:36 of 1st period - Shot by Martin Havlat.
4:36 of 1st period - Shot Misses the Net.
4:38 of 1st period - Shot by Ilya Kovalchuk.
4:38 of 1st period - Deflect By Shawn Horcoff.
4:38 of 1st period - Stopped by Marc-Andre Fleury without a rebound.
4:39 of 1st period - R.J. Umberger wins face-off versus Daniel Winnik in Penguins zone.
4:58 of 1st period - Off-side.
4:59 of 1st period - Tomas Plekanec wins face-off versus Henrik Sedin in neutral zone.
5:05 of 1st period - Patrick Sharp is hit by Brooks Orpik and loses puck.
5:08 of 1st period - Shot by Tomas Plekanec.
5:08 of 1st period - Shot Misses the Net.
5:13 of 1st period - Icing by Brooks Orpik.
5:14 of 1st period - Shawn Horcoff wins face-off versus Henrik Sedin in Penguins zone.
5:15 of 1st period - Shot by Ilya Kovalchuk.
5:15 of 1st period - Stopped by Marc-Andre Fleury without a rebound.
5:16 of 1st period - Brad Richards wins face-off versus Shawn Horcoff in Penguins zone.
5:27 of 1st period - Shot by Shawn Horcoff.
5:27 of 1st period - Shot Blocked by Nicklas Lidstrom.
5:29 of 1st period - Shot by Ilya Kovalchuk.
5:29 of 1st period - Shot Blocked by Nicklas Lidstrom.
5:31 of 1st period - Shot by John Erskine.
5:31 of 1st period - Stopped by Marc-Andre Fleury without a rebound.
5:32 of 1st period - Blair Betts wins face-off versus R.J. Umberger in Penguins zone.
6:31 of 1st period - Minor Penalty to Dan Girardi for Roughing.
6:32 of 1st period - Henrik Sedin wins face-off versus Tomas Plekanec in Penguins zone.
6:38 of 1st period - Icing by Tomas Plekanec.
6:39 of 1st period - Henrik Sedin wins face-off versus Tomas Plekanec in Canadiens zone.
6:47 of 1st period - Minor Penalty to Ian Laperriere for Hooking.
6:48 of 1st period - Henrik Sedin wins face-off versus R.J. Umberger in Penguins zone.
9:22 of 1st period - Shot by Brad Richards.
9:22 of 1st period - Goal by Brad Richards - Canadiens : 1 - Penguins : 1.
9:23 of 1st period - Daniel Sedin wins face-off versus Tomas Plekanec in neutral zone.
9:27 of 1st period - Brandon Dubinsky is hit by Toni Lydman and loses puck.
9:37 of 1st period - Minor Penalty to Toni Lydman for Cross-checking.
9:38 of 1st period - Henrik Sedin wins face-off versus Shawn Horcoff in Canadiens zone.
9:44 of 1st period - Shot by Henrik Sedin.
9:44 of 1st period - Stopped by Jaroslav Halak with a rebound.
9:46 of 1st period - Shot by Pavel Kubina.
9:46 of 1st period - Shot Blocked by Ed Jovanovski.
9:48 of 1st period - Shot by Nicklas Lidstrom.
9:48 of 1st period - Shot Misses the Net.
9:50 of 1st period - Shot by Nicklas Lidstrom.
9:50 of 1st period - Deflect By Jason Pominville.
9:50 of 1st period - Goal by Jason Pominville - Canadiens : 1 - Penguins : 2.
9:51 of 1st period - Blair Betts wins face-off versus R.J. Umberger in neutral zone.
10:00 of 1st period - Shot by Ilya Kovalchuk.
10:00 of 1st period - Stopped by Marc-Andre Fleury without a rebound.
10:01 of 1st period - Brad Richards wins face-off versus Shawn Horcoff in Penguins zone.
10:20 of 1st period - Shot by Ilya Kovalchuk.
10:20 of 1st period - Stopped by Marc-Andre Fleury without a rebound.
10:21 of 1st period - Tomas Plekanec wins face-off versus Blair Betts in Penguins zone.
10:21 of 1st period - Patrick Sharp is hit by Dan Girardi and loses puck.
10:46 of 1st period - Tomas Plekanec is hit by Blair Betts and loses puck.
11:06 of 1st period - Minor Penalty to Brandon Dubinsky for Interference.
11:07 of 1st period - Claude Giroux wins face-off versus R.J. Umberger in Penguins zone.
11:23 of 1st period - Minor Penalty to Brooks Orpik for Tripping.
11:24 of 1st period - R.J. Umberger wins face-off versus Daniel Winnik in Penguins zone.
13:25 of 1st period - Patrick Sharp is hit by Brooks Orpik and loses puck.
13:36 of 1st period - Icing by John Erskine.
13:37 of 1st period - Shawn Horcoff wins face-off versus Henrik Sedin in Canadiens zone.
13:37 of 1st period - Shawn Horcoff is hit by Brandon Dubinsky.
13:46 of 1st period - Tim Gleason is hit by Stephane Robidas and loses puck.
14:37 of 1st period - Shot by Tomas Plekanec.
14:37 of 1st period - Stopped by Marc-Andre Fleury without a rebound.
14:38 of 1st period - R.J. Umberger wins face-off versus Blair Betts in Penguins zone.
14:38 of 1st period - R.J. Umberger is hit by Dan Girardi.
14:41 of 1st period - Ilya Kovalchuk is hit by Dan Girardi and loses puck.
14:47 of 1st period - Claude Giroux is hit by Brent Seabrook and loses puck.
14:55 of 1st period - Minor Penalty to Brent Seabrook for Hooking.
14:56 of 1st period - Shawn Horcoff wins face-off versus Brad Richards in Canadiens zone.
14:56 of 1st period - Shawn Horcoff is hit by Pavel Datsyuk.
15:10 of 1st period - Shot by Pavel Datsyuk.
15:10 of 1st period - Shot Misses the Net.
15:30 of 1st period - Shot by Jason Pominville.
15:30 of 1st period - Shot Blocked by Toni Lydman.
15:32 of 1st period - Shot by Brad Richards.
15:32 of 1st period - Shot Misses the Net.
15:34 of 1st period - Shot by Brad Richards.
15:34 of 1st period - Shot Misses the Net.
15:38 of 1st period - Shot by Brad Richards.
15:38 of 1st period - Stopped by Jaroslav Halak without a rebound.
15:39 of 1st period - Henrik Sedin wins face-off versus Shawn Horcoff in Canadiens zone.
15:48 of 1st period - Shot by Nicklas Lidstrom.
15:48 of 1st period - Stopped by Jaroslav Halak with a rebound.
16:18 of 1st period - John Erskine is hit by Brandon Dubinsky and loses puck.
16:47 of 1st period - Minor Penalty to Curtis Glencross for Hooking.
16:48 of 1st period - Blair Betts wins face-off versus Martin Havlat in Penguins zone.
16:58 of 1st period - Icing by Tom Gilbert.
16:59 of 1st period - Tomas Plekanec wins face-off versus Claude Giroux in Canadiens zone.
16:59 of 1st period - Tomas Plekanec is hit by Ian Laperriere.
18:30 of 1st period - Shot by Tomas Plekanec.
18:30 of 1st period - Stopped by Marc-Andre Fleury with a rebound.
18:32 of 1st period - Shot by Patrick Sharp.
18:32 of 1st period - Shot Misses the Net.
18:36 of 1st period - Shot by Patrick Sharp.
18:36 of 1st period - Shot Misses the Net.
18:38 of 1st period - Shot by Jeff Taffe.
18:38 of 1st period - Shot Blocked by Stephane Robidas.
18:40 of 1st period - Shot by Patrick Sharp.
18:40 of 1st period - Stopped by Marc-Andre Fleury without a rebound.
18:41 of 1st period - Claude Giroux wins face-off versus R.J. Umberger in Penguins zone.
19:05 of 1st period - Tomas Plekanec is hit by Pavel Kubina and loses puck.

Period #2

0:01 of 2nd period - Henrik Sedin wins face-off versus Ilya Kovalchuk in neutral zone.
0:15 of 2nd period - Icing by Stephane Robidas.
0:16 of 2nd period - Henrik Sedin wins face-off versus Tomas Plekanec in Penguins zone.
0:29 of 2nd period - Shot by Henrik Sedin.
0:29 of 2nd period - Shot Misses the Net.
0:35 of 2nd period - Shot by Henrik Sedin.
0:35 of 2nd period - Stopped by Jaroslav Halak with a rebound.
0:39 of 2nd period - Shot by Daniel Sedin.
0:39 of 2nd period - Stopped by Jaroslav Halak without a rebound.
0:40 of 2nd period - Rick Nash wins face-off versus Brad Richards in Canadiens zone.
1:22 of 2nd period - Off-side.
1:23 of 2nd period - Blair Betts wins face-off versus Tomas Plekanec in neutral zone.
1:23 of 2nd period - Dan Girardi is hit by Patrick Kane and loses puck.
1:33 of 2nd period - Claude Giroux is hit by Ed Jovanovski.
1:41 of 2nd period - Shot by Dan Girardi.
1:41 of 2nd period - Shot Blocked by Ed Jovanovski.
1:43 of 2nd period - Shot by Dan Girardi.
1:43 of 2nd period - Stopped by Jaroslav Halak with a rebound.
1:45 of 2nd period - Shot by Blair Betts.
1:45 of 2nd period - Stopped by Jaroslav Halak without a rebound.
1:46 of 2nd period - Shawn Horcoff wins face-off versus Henrik Sedin in Canadiens zone.
1:56 of 2nd period - Icing by Tim Gleason.
1:57 of 2nd period - Brad Richards wins face-off versus Shawn Horcoff in Canadiens zone.
2:14 of 2nd period - Shot by Curtis Glencross.
2:14 of 2nd period - Stopped by Jaroslav Halak without a rebound.
2:15 of 2nd period - Tomas Plekanec wins face-off versus Henrik Sedin in Canadiens zone.
2:27 of 2nd period - Icing by Daniel Sedin.
2:28 of 2nd period - Henrik Sedin wins face-off versus Jesse Joensuu in Penguins zone.
2:55 of 2nd period - Shot by Toni Lydman.
2:55 of 2nd period - Stopped by Marc-Andre Fleury without a rebound.
2:56 of 2nd period - R.J. Umberger wins face-off versus Jason Pominville in Penguins zone.
2:56 of 2nd period - R.J. Umberger is hit by Pavel Kubina.
3:21 of 2nd period - Icing by Ilya Kovalchuk.
3:22 of 2nd period - Blair Betts wins face-off versus R.J. Umberger in Canadiens zone.
3:31 of 2nd period - Claude Giroux is hit by Brent Seabrook and loses puck.
3:49 of 2nd period - Minor Penalty to Dan Girardi for Roughing.
3:50 of 2nd period - Tomas Plekanec wins face-off versus Claude Giroux in Penguins zone.
3:51 of 2nd period - Shot by Ed Jovanovski.
3:51 of 2nd period - Shot Misses the Net.
3:53 of 2nd period - Shot by Tom Gilbert.
3:53 of 2nd period - Shot Misses the Net.
3:57 of 2nd period - Shot by Patrick Kane.
3:57 of 2nd period - Shot Misses the Net.
4:27 of 2nd period - Nicklas Lidstrom is hit by Tomas Plekanec and loses puck.
4:33 of 2nd period - Minor Penalty to Rick Nash for Hooking.
4:34 of 2nd period - Tomas Plekanec wins face-off versus Brad Richards in Canadiens zone.
4:43 of 2nd period - Shot by Tomas Plekanec.
4:43 of 2nd period - Stopped by Marc-Andre Fleury without a rebound.
4:44 of 2nd period - Brad Richards wins face-off versus R.J. Umberger in Penguins zone.
6:39 of 2nd period - Minor Penalty to Tim Gleason for Hooking.
6:40 of 2nd period - R.J. Umberger wins face-off versus Henrik Sedin in Canadiens zone.
6:53 of 2nd period - Shot by Nicklas Lidstrom.
6:53 of 2nd period - Shot Blocked by John Erskine.
6:55 of 2nd period - Shot by Jason Pominville.
6:55 of 2nd period - Shot Misses the Net.
6:57 of 2nd period - Shot by Daniel Sedin.
6:57 of 2nd period - Shot Misses the Net.
6:59 of 2nd period - Shot by Jason Pominville.
6:59 of 2nd period - Stopped by Jaroslav Halak without a rebound.
7:00 of 2nd period - Shawn Horcoff wins face-off versus Henrik Sedin in Canadiens zone.
8:05 of 2nd period - Shot by Daniel Sedin.
8:05 of 2nd period - Shot Misses the Net.
8:37 of 2nd period - Shot by Pavel Datsyuk.
8:37 of 2nd period - Stopped by Jaroslav Halak without a rebound.
8:38 of 2nd period - Henrik Sedin wins face-off versus Shawn Horcoff in Canadiens zone.
9:05 of 2nd period - Icing by Tom Gilbert.
9:06 of 2nd period - Ian Laperriere wins face-off versus Tomas Plekanec in Canadiens zone.
9:11 of 2nd period - Shot by Brad Richards.
9:11 of 2nd period - Stopped by Jaroslav Halak with a rebound.
9:14 of 2nd period - Icing by Brent Seabrook.
9:15 of 2nd period - Tomas Plekanec wins face-off versus Henrik Sedin in Canadiens zone.
10:17 of 2nd period - Off-side.
10:18 of 2nd period - Blair Betts wins face-off versus Ilya Kovalchuk in neutral zone.
10:23 of 2nd period - Shot by Sami Salo.
10:23 of 2nd period - Shot Blocked by Tim Gleason.
10:46 of 2nd period - Ilya Kovalchuk is hit by Dan Girardi and loses puck.
11:04 of 2nd period - Dan Girardi is hit by Brent Seabrook.
11:30 of 2nd period - Jason Pominville is hit by Brent Seabrook and loses puck.
11:46 of 2nd period - Shot by Brad Richards.
11:46 of 2nd period - Stopped by Jaroslav Halak without a rebound.
11:47 of 2nd period - Tomas Plekanec wins face-off versus Henrik Sedin in Canadiens zone.
12:10 of 2nd period - Shot by Patrick Sharp.
12:10 of 2nd period - Deflect By Tomas Plekanec.
12:10 of 2nd period - Stopped by Marc-Andre Fleury with a rebound.
12:14 of 2nd period - Shot by Patrick Kane.
12:14 of 2nd period - Shot Blocked by Stephane Robidas.
12:16 of 2nd period - Shot by Ed Jovanovski.
12:16 of 2nd period - Shot Misses the Net.
12:33 of 2nd period - Icing by Patrick Sharp.
12:34 of 2nd period - Brad Richards wins face-off versus Tomas Plekanec in Canadiens zone.
12:42 of 2nd period - Icing by Tomas Plekanec.
12:43 of 2nd period - Brad Richards wins face-off versus Tomas Plekanec in Canadiens zone.
12:44 of 2nd period - Shot by Pavel Datsyuk.
12:44 of 2nd period - Stopped by Jaroslav Halak without a rebound.
12:45 of 2nd period - Shawn Horcoff wins face-off versus Brad Richards in Canadiens zone.
12:45 of 2nd period - Ilya Kovalchuk is hit by Jason Pominville and loses puck.
13:18 of 2nd period - Shot by Ilya Kovalchuk.
13:18 of 2nd period - Shot Misses the Net.
13:22 of 2nd period - Shot by Shawn Horcoff.
13:22 of 2nd period - Deflect By Ilya Kovalchuk.
13:22 of 2nd period - Stopped by Marc-Andre Fleury without a rebound.
13:23 of 2nd period - Ilya Kovalchuk wins face-off versus Blair Betts in Penguins zone.
14:19 of 2nd period - Icing by Brooks Orpik.
14:20 of 2nd period - Martin Havlat wins face-off versus Henrik Sedin in Penguins zone.
14:30 of 2nd period - Henrik Sedin is hit by Toni Lydman.
14:31 of 2nd period - Minor Penalty to Toni Lydman for Roughing.
14:32 of 2nd period - Henrik Sedin wins face-off versus Shawn Horcoff in Canadiens zone.
14:47 of 2nd period - Shot by Daniel Sedin.
14:47 of 2nd period - Stopped by Jaroslav Halak with a rebound.
14:49 of 2nd period - Shot by Henrik Sedin.
14:49 of 2nd period - Stopped by Jaroslav Halak without a rebound.
14:50 of 2nd period - R.J. Umberger wins face-off versus Brad Richards in Canadiens zone.
14:58 of 2nd period - Pavel Datsyuk is hit by R.J. Umberger.
15:11 of 2nd period - Icing by Stephane Robidas.
15:12 of 2nd period - Brad Richards wins face-off versus Shawn Horcoff in Penguins zone.
16:09 of 2nd period - Icing by Nicklas Lidstrom.
16:10 of 2nd period - R.J. Umberger wins face-off versus Jason Pominville in Penguins zone.
16:36 of 2nd period - Tomas Plekanec is hit by Dan Girardi and loses puck.
18:13 of 2nd period - Icing by Tomas Plekanec.
18:14 of 2nd period - Brad Richards wins face-off versus Tomas Plekanec in Canadiens zone.
18:30 of 2nd period - Shot by Curtis Glencross.
18:30 of 2nd period - Shot Misses the Net.
18:34 of 2nd period - Shot by Brad Richards.
18:34 of 2nd period - Stopped by Jaroslav Halak without a rebound.
18:35 of 2nd period - R.J. Umberger wins face-off versus Blair Betts in Canadiens zone.
18:50 of 2nd period - Shot by Rick Nash.
18:50 of 2nd period - Stopped by Marc-Andre Fleury without a rebound.
18:51 of 2nd period - Tomas Plekanec wins face-off versus Brad Richards in Penguins zone.

Period #3

0:01 of 3rd period - Henrik Sedin wins face-off versus R.J. Umberger in neutral zone.
0:01 of 3rd period - Henrik Sedin is hit by Rick Nash.
0:04 of 3rd period - Daniel Sedin is hit by Rick Nash and loses puck.
0:16 of 3rd period - Shot by Daniel Sedin.
0:16 of 3rd period - Shot Hit the Post.
0:20 of 3rd period - Shot by Henrik Sedin.
0:20 of 3rd period - Stopped by Jaroslav Halak with a rebound.
0:38 of 3rd period - Shot by Henrik Sedin.
0:38 of 3rd period - Shot Misses the Net.
0:44 of 3rd period - Shot by Daniel Sedin.
0:44 of 3rd period - Stopped by Jaroslav Halak without a rebound.
0:45 of 3rd period - Brad Richards wins face-off versus Tomas Plekanec in Canadiens zone.
0:45 of 3rd period - Brad Richards is hit by Toni Lydman.
0:50 of 3rd period - Icing by Ed Jovanovski.
0:51 of 3rd period - Tomas Plekanec wins face-off versus Claude Giroux in Canadiens zone.
0:51 of 3rd period - Tomas Plekanec is hit by Daniel Winnik.
1:08 of 3rd period - Minor Penalty to Daniel Winnik for Cross-checking.
1:09 of 3rd period - R.J. Umberger wins face-off versus Claude Giroux in Penguins zone.
1:18 of 3rd period - Shot by R.J. Umberger.
1:18 of 3rd period - Stopped by Marc-Andre Fleury with a rebound.
1:38 of 3rd period - Shot by R.J. Umberger.
1:38 of 3rd period - Shot Misses the Net.
2:09 of 3rd period - Icing by Tomas Plekanec.
2:10 of 3rd period - Tomas Plekanec wins face-off versus Henrik Sedin in Canadiens zone.
2:47 of 3rd period - Shot by Martin Havlat.
2:47 of 3rd period - Stopped by Marc-Andre Fleury without a rebound.
2:48 of 3rd period - R.J. Umberger wins face-off versus Claude Giroux in Penguins zone.
2:59 of 3rd period - Shot by R.J. Umberger.
2:59 of 3rd period - Shot Misses the Net.
3:21 of 3rd period - Icing by Nicklas Lidstrom.
3:22 of 3rd period - Brad Richards wins face-off versus Shawn Horcoff in Penguins zone.
3:39 of 3rd period - Shot by Shawn Horcoff.
3:39 of 3rd period - Stopped by Marc-Andre Fleury with a rebound.
3:51 of 3rd period - Shot by Jason Pominville.
3:51 of 3rd period - Stopped by Jaroslav Halak with a rebound.
5:19 of 3rd period - Minor Penalty to Jason Pominville for Roughing.
5:20 of 3rd period - Blair Betts wins face-off versus Tomas Plekanec in Penguins zone.
6:39 of 3rd period - Shot by R.J. Umberger.
6:39 of 3rd period - Stopped by Marc-Andre Fleury with a rebound.
6:41 of 3rd period - Shot by Brent Seabrook.
6:41 of 3rd period - Stopped by Marc-Andre Fleury without a rebound.
6:42 of 3rd period - Tomas Plekanec wins face-off versus Henrik Sedin in Penguins zone.
6:42 of 3rd period - Tomas Plekanec is hit by Stephane Robidas.
7:23 of 3rd period - Maxime Talbot is hit by Pavel Kubina and loses puck.
7:27 of 3rd period - R.J. Umberger is hit by Pavel Kubina and loses puck.
7:37 of 3rd period - Icing by Pavel Kubina.
7:38 of 3rd period - Brad Richards wins face-off versus R.J. Umberger in Penguins zone.
7:47 of 3rd period - Shot by Jason Pominville.
7:47 of 3rd period - Shot Blocked by Brent Seabrook.
8:05 of 3rd period - Shot by R.J. Umberger.
8:05 of 3rd period - Shot Blocked by Brooks Orpik.
8:21 of 3rd period - Shot by Daniel Sedin.
8:21 of 3rd period - Shot Misses the Net.
8:32 of 3rd period - Maxime Talbot is hit by Brooks Orpik.
8:36 of 3rd period - Shot by Tomas Plekanec.
8:36 of 3rd period - Shot Misses the Net.
8:40 of 3rd period - Shot by Tomas Plekanec.
8:40 of 3rd period - Shot Misses the Net.
8:55 of 3rd period - Minor Penalty to Claude Giroux for Tripping.
8:56 of 3rd period - Jeff Taffe wins face-off versus Blair Betts in Penguins zone.
9:23 of 3rd period - Patrick Sharp is hit by Nicklas Lidstrom.
9:24 of 3rd period - Minor Penalty to Sami Salo for Elbowing.
9:25 of 3rd period - R.J. Umberger wins face-off versus Daniel Winnik in Penguins zone.
10:46 of 3rd period - Icing by Rick Nash.
10:47 of 3rd period - Daniel Winnik wins face-off versus Ilya Kovalchuk in Canadiens zone.
11:25 of 3rd period - Minor Penalty to Shawn Horcoff for Interference.
11:26 of 3rd period - Henrik Sedin wins face-off versus R.J. Umberger in Canadiens zone.
12:31 of 3rd period - Shot by Brad Richards.
12:31 of 3rd period - Shot Misses the Net.
13:19 of 3rd period - Shot by Daniel Sedin.
13:19 of 3rd period - Stopped by Jaroslav Halak without a rebound.
13:20 of 3rd period - Brad Richards wins face-off versus R.J. Umberger in Canadiens zone.
13:39 of 3rd period - Shot by Claude Giroux.
13:39 of 3rd period - Shot Misses the Net.
13:43 of 3rd period - Shot by Sami Salo.
13:43 of 3rd period - Goal by Sami Salo - Canadiens : 1 - Penguins : 3.
13:44 of 3rd period - Tomas Plekanec wins face-off versus Brad Richards in neutral zone.
13:44 of 3rd period - Minor Penalty to Ian Laperriere for Hooking.
13:45 of 3rd period - Claude Giroux wins face-off versus Tomas Plekanec in Penguins zone.
13:45 of 3rd period - Claude Giroux is hit by Patrick Sharp.
14:00 of 3rd period - Off-side.
14:01 of 3rd period - R.J. Umberger wins face-off versus Blair Betts in neutral zone.
14:08 of 3rd period - Shot by Martin Havlat.
14:08 of 3rd period - Shot Misses the Net.
14:46 of 3rd period - Shot by Brent Seabrook.
14:46 of 3rd period - Shot Blocked by Nicklas Lidstrom.
14:50 of 3rd period - Shot by Ed Jovanovski.
14:50 of 3rd period - Shot Misses the Net.
14:59 of 3rd period - Shot by Ed Jovanovski.
14:59 of 3rd period - Stopped by Marc-Andre Fleury with a rebound.
15:01 of 3rd period - Shot by Patrick Sharp.
15:01 of 3rd period - Goal by Patrick Sharp - Canadiens : 2 - Penguins : 3.
15:02 of 3rd period - Brad Richards wins face-off versus Tomas Plekanec in neutral zone.
15:30 of 3rd period - Patrick Kane is hit by Pavel Kubina.
15:39 of 3rd period - Icing by Pavel Kubina.
15:40 of 3rd period - R.J. Umberger wins face-off versus Brad Richards in Penguins zone.
15:41 of 3rd period - Shot by Rick Nash.
15:41 of 3rd period - Shot Misses the Net.
15:45 of 3rd period - Shot by Rick Nash.
15:45 of 3rd period - Shot Misses the Net.
15:51 of 3rd period - Shot by Ilya Kovalchuk.
15:51 of 3rd period - Shot Blocked by Pavel Kubina.
15:53 of 3rd period - Shot by Rick Nash.
15:53 of 3rd period - Goal by Rick Nash - Canadiens : 3 - Penguins : 3.
15:54 of 3rd period - Henrik Sedin wins face-off versus Ilya Kovalchuk in neutral zone.
16:11 of 3rd period - Icing by Ed Jovanovski.
16:12 of 3rd period - Ilya Kovalchuk wins face-off versus Brad Richards in Canadiens zone.
17:11 of 3rd period - Shot by Martin Havlat.
17:11 of 3rd period - Shot Blocked by Pavel Kubina.
17:45 of 3rd period - Icing by Jeff Taffe.
17:46 of 3rd period - Blair Betts wins face-off versus R.J. Umberger in Canadiens zone.
18:03 of 3rd period - Shot by Claude Giroux.
18:03 of 3rd period - Stopped by Jaroslav Halak with a rebound.
18:05 of 3rd period - Shot by Blair Betts.
18:05 of 3rd period - Stopped by Jaroslav Halak with a rebound.
18:07 of 3rd period - Shot by Daniel Winnik.
18:07 of 3rd period - Stopped by Jaroslav Halak with a rebound.
18:09 of 3rd period - Shot by Blair Betts.
18:09 of 3rd period - Deflect By Claude Giroux.
18:09 of 3rd period - Shot Misses the Net.
18:11 of 3rd period - Shot by Daniel Winnik.
18:11 of 3rd period - Deflect By Claude Giroux.
18:11 of 3rd period - Shot Misses the Net.
18:15 of 3rd period - Shot by Claude Giroux.
18:15 of 3rd period - Shot Misses the Net.
18:42 of 3rd period - Patrick Sharp is hit by Brooks Orpik and loses puck.
19:03 of 3rd period - Double Minor Penalty to Brandon Dubinsky for Charging.
19:04 of 3rd period - Claude Giroux wins face-off versus Ilya Kovalchuk in Penguins zone.

Overtime #1

0:01 of 1st overtime period - R.J. Umberger wins face-off versus Daniel Winnik in neutral zone.
1:00 of 1st overtime period - Shot by Patrick Kane.
1:00 of 1st overtime period - Stopped by Marc-Andre Fleury without a rebound.
1:01 of 1st overtime period - Patrick Kane wins face-off versus Daniel Winnik in Penguins zone.
1:07 of 1st overtime period - Patrick Kane is hit by Stephane Robidas and loses puck.
1:30 of 1st overtime period - Brooks Orpik is hit by Tomas Plekanec and loses puck.
3:19 of 1st overtime period - Shot by R.J. Umberger.
3:19 of 1st overtime period - Stopped by Marc-Andre Fleury without a rebound.
3:20 of 1st overtime period - Martin Havlat wins face-off versus Brad Richards in Penguins zone.
3:41 of 1st overtime period - Shot by John Erskine.
3:41 of 1st overtime period - Stopped by Marc-Andre Fleury without a rebound.
3:42 of 1st overtime period - R.J. Umberger wins face-off versus Henrik Sedin in Penguins zone.
3:53 of 1st overtime period - Shot by Daniel Sedin.
3:53 of 1st overtime period - Shot Blocked by Francis Bouillon.
3:57 of 1st overtime period - Shot by Henrik Sedin.
3:57 of 1st overtime period - Stopped by Jaroslav Halak without a rebound.
3:58 of 1st overtime period - Henrik Sedin wins face-off versus Tomas Plekanec in Canadiens zone.
4:31 of 1st overtime period - Pavel Kubina is hit by Tomas Plekanec and loses puck.

ShootOut

ShootOut - Penalty Shot by Tomas Plekanec for Canadiens.
ShootOut - Stopped by Marc-Andre Fleury.
ShootOut - Penalty Shot by Henrik Sedin for Penguins.
ShootOut - Goal by Henrik Sedin.
ShootOut - Penalty Shot by Ilya Kovalchuk for Canadiens.
ShootOut - Goal by Ilya Kovalchuk.
ShootOut - Penalty Shot by Daniel Sedin for Penguins.
ShootOut - Stopped by Jaroslav Halak.
ShootOut - Penalty Shot by Patrick Kane for Canadiens.
ShootOut - Goal by Patrick Kane.
ShootOut - Penalty Shot by Pavel Datsyuk for Penguins.
ShootOut - Goal by Pavel Datsyuk.
ShootOut - Penalty Shot by Patrick Sharp for Canadiens.
ShootOut - Shot Misses the Net.
ShootOut - Penalty Shot by Brad Richards for Penguins.
ShootOut - Shot Misses the Net.
ShootOut - Penalty Shot by Martin Havlat for Canadiens.
ShootOut - Shot Misses the Net.
ShootOut - Penalty Shot by Brandon Dubinsky for Penguins.
ShootOut - Goal by Brandon Dubinsky.


Output by the SimonT Hockey Simulator (STHS) for Stephane Roy -- Original Page W3C XHTML 1.0 Valid